 Dungeon Crawl Stone Soup version 0.30-a0-54-g2e61a25929 (webtiles) character file.

Game seed: 8457816720097443400

86 IdlyInterested the Sneak (level 4, 0/51 HPs)
             Began as a Formicid Brigand on Sept 8, 2022.
             Slain by Grinder (2 damage)
             ... on level 3 of the Dungeon.
             The game lasted 00:07:16 (1891 turns).

IdlyInterested the Sneak (Formicid Brigand)         Turns: 1891, Time: 00:07:16

Health: 0/51       AC: 22    Str: 16    XL:     4   Next: 78%
Magic:  4/4        EV:  2    Int: 10    God:
Gold:   44         SH:  0    Dex: 17    Spells: 3/3 levels left

rFire   . . .      SeeInvis .    a - +2 dagger
rCold   . . .      Faith    .    (no shield)
rNeg    . . .      Spirit   .    (body armour currently unavailable)
rPois   +          Reflect  .    (helmet unavailable)
rElec   .          Harm     .    (cloak currently unavailable)
rCorr   .          Rampage  .    (gloves currently unavailable)
Will    .....                    (boots currently unavailable)
Stlth   +++.......               (no amulet)
HPRegen 0.17/turn                (no ring)
MPRegen 0.09/turn                (no ring)

@: tree-form, attractive
A: stationary, stasis, torment immunity, boosted hp, permanent stasis, dig
shafts and tunnels, (antennae 3), four strong arms, (iridescent scales 1),
passive freeze
a: no special abilities


You were on level 3 of the Dungeon.
You were a tree.
You visited 1 branch of the dungeon, and saw 3 of its levels.

You collected 44 gold pieces.

Inventory:

Hand Weapons
 a - a +2 dagger (weapon)
 j - a +0 short sword
Missiles
 d - 8 poisoned darts (quivered)
Armour
 b - a +0 robe
 c - a +0 cloak (melded)
 h - a +0 leather armour
 k - a +0 ring mail (melded)
Magical Staves
 m - a staff of earth
 n - a staff of air
Jewellery
 i - an amulet of faith
Scrolls
 p - a scroll of noise {unknown}


   Skills:
 + Level 2.7 Fighting
 * Level 3.1 Short Blades
 - Level 2.0 Throwing
 - Level 1.0 Armour
 - Level 1.0 Dodging
 - Level 4.8 Stealth
 * Level 2.9 Shields
 + Level 0.6 Evocations


You had 3 spell levels left.
You didn't know any spells.
Your spell library contained the following spells:

 Spells                   Type           Power      Damage    Failure   Level
 Shock                    Conj/Air       0%         1d3       36%         1
 Airstrike                Air            0%         2d(0-16)  98%         4
 Swiftness                Air            Unusable   N/A       N/A         3

Dungeon Overview and Level Annotations

Branches:
Dungeon (2/15)

Altars:

Shops:
D:2 (

Annotations:
D:3 Grinder


Innate Abilities, Weirdness & Mutations

You are a tree.
Your roots penetrate the ground, keeping you stationary.
You cannot be teleported.
You are immune to unholy pain and torment.
Your maximum health is greatly increased.
Your equipment is partially melded.
You cannot be hasted, slowed, berserked, paralysed or teleported.
You can dig through walls and to a lower floor.
((You have a pair of large antennae on your head. (SInv)))
Your four strong arms can wield two-handed weapons with a shield.
((You are partially covered in iridescent scales. (AC +2)))
A frigid envelope surrounds you and freezes all who hurt you.


Message History

You feel better. Grinder hits you but does no damage.
You hit Grinder.
Grinder is heavily wounded.
Grinder closely misses you.
You hit Grinder but do no damage.
Grinder is heavily wounded.
Grinder gestures at you. Pain shoots through your body!
* * * LOW HITPOINT WARNING * * *
It was a potion of mutation.
You feel extremely strange.
Your skin feels very cold.
Iridescent scales grow over part of your body.
Grinder hits you but does no damage.
Grinder resists.
Grinder is very cold.
Grinder is heavily wounded.
It was a potion of attraction.
You feel attractive to monsters. Grinder hits you.
* * * LOW HITPOINT WARNING * * *
Grinder completely resists.
You hit Grinder.
Grinder is severely wounded.
Grinder closely misses you.
It was a potion of lignification.
You turn into a tree.
Your +0 cloak melds into your body.
Your +0 ring mail melds into your body.
Your roots penetrate the ground.
Grinder hits you.
* * * LOW HITPOINT WARNING * * *
Grinder resists.
Grinder is very cold.
Grinder is severely wounded.
You closely miss Grinder.
Grinder is severely wounded.
Grinder hits you but does no damage.
Grinder completely resists.
You hit Grinder but do no damage.
Grinder is severely wounded.
You hit Grinder but do no damage.
Grinder is severely wounded.
Grinder blinks!
Grinder is attracted toward you.
You hit Grinder but do no damage.
Grinder is severely wounded.
Grinder hits you.
You die...

## #.
#.###.##########
#..§.5♣§((.....#
...#.#.########.#
#.. ##. .. .. #..
..?


You could see Grinder.

Vanquished Creatures
  Robin (D:2)
  An adder (D:2)
  A worm (D:2)
  4 dart slugs
  A ball python (D:2)
  3 endoplasms
  4 giant cockroaches
  6 goblins
  7 hobgoblins
  2 jackals (D:1)
  9 bats
  3 frilled lizards
  7 kobolds
  5 rats
54 creatures vanquished.

Notes
Turn   | Place    | Note
-------+----------+-------------------------------------------
     0 | D:1      | IdlyInterested the Formicid Brigand began the quest for the
                  | Orb.
     0 | D:1      | Reached XP level 1. HP: 16/16 MP: 1/1
    36 | D:1      | Reached skill level 1 in Dodging
   195 | D:1      | Reached skill level 1 in Shields
   195 | D:1      | Reached XP level 2. HP: 20/22 MP: 2/2
   345 | D:1      | Reached XP level 3. HP: 22/28 MP: 3/3
   792 | D:1      | Found a faded altar of an unknown god.
   804 | D:1      | Reached skill level 1 in Armour
  1161 | D:2      | Noticed Robin
  1180 | D:2      | Killed Robin
  1181 | D:2      | Reached XP level 4. HP: 19/34 MP: 4/4
  1504 | D:2      | Found Tint's Weapon Boutique.
  1846 | D:2      | You fall into a shaft and drop 1 floor!
  1848 | D:3      | Noticed Grinder
  1884 | D:3      | Gained mutation: A frigid envelope surrounds you and
                  | freezes all who hurt you. [potion of mutation]
  1884 | D:3      | Gained mutation: You are partially covered in iridescent
                  | scales. (AC +2) [potion of mutation]
  1887 | D:3      | HP: 2/51 [Grinder (4)]
  1891 | D:3      | Slain by Grinder

Illustrated notes

Levels and vault maps discovered:
D:1:      dpeg_arrival_central, layout_basic,
          hellmonk_ecumenical_altar_crossroads
D:2:      layout_basic, serial_shops, nicolae_shop_bloodbath_and_beyond,
          roderic_roman_lattice, kennysheep_generic_room_10, uniq_robin
D:3:      layout_loops_ring, amethyst_overflow_temple_binary, uniq_grinder

Skill      XL: |  1  2  3  4 |
---------------+-------------+-----
Dodging        | 1 |  1.0
Shields        | 1 2 |  2.9
Armour         | 1 |  1.0
Short Blades   | 3 |  3.1
Fighting       | |  2.7
Throwing       | |  2.0
Stealth        | |  4.8
Evocations     | |  0.6

Action                   |  1- 3 |  4- 6 || total
-------------------------+-------+-------++-------
Melee: Dagger            |   125 |   108 ||   233
       Punch             |     1 |     2 ||     3
Throw: Dart              |     1 |     4 ||     5
  Use: Scroll            |     4 |       ||     4
       Potion            |       |     4 ||     4
 Stab: Sleeping          |     1 |     3 ||     4
       Distracted        |       |     1 ||     1
Armor: Robe              |     6 |       ||     6
       Ring mail         |    39 |    45 ||    84
       Skin              |       |     1 ||     1
Dodge: Dodged            |    55 |    48 ||   103

Table legend: (Time is in decaauts)
 A = Elapsed time spent in this place.
 B = Non-inter-level travel time spent in this place.
 C = Inter-level travel time spent in this place.
 D = Time resting spent in this place.
 E = Time spent auto-exploring this place.
 F = Levels seen in this place.
 G = Mean time per level.
                   A        B        C        D        E       F      G
               +--------+--------+--------+--------+--------+-----+--------+
         Total |   1859 |   1720 |    139 |    365 |    842 |   3 |  619.7 |
       Dungeon |   1859 |   1720 |    139 |    365 |    842 |   3 |  619.7 |
               +--------+--------+--------+--------+--------+-----+--------+

Top non-repeatable levels by time:
     D:1: 993 daAuts
     D:2: 826 daAuts
     D:3: 39 daAuts
